 Dungeon Crawl Stone Soup version 0.22.1-1-ga44c0e5 (webtiles) character file.

569 Folque the Magician (level 7, 0/55 HPs)
             Began as a Red Draconian Earth Elementalist on Nov 1, 2018.
             Succumbed to a worker ant's poison
             ... on level 4 of the Dungeon.
             The game lasted 00:12:29 (4039 turns).

Folque the Magician (DrEE)                          Turns: 4039, Time: 00:12:29

Health: 0/55       AC:  6    Str: 10    XL:     7   Next: 11%
Magic:  1/14       EV: 12    Int: 17    God:
Gold:   316        SH:  0    Dex: 12    Spells: 5/16 levels left

rFire    + . .     SeeInvis .   j - +0 halberd
rCold    . . .     Gourm    .   (shield currently unavailable)
rNeg     . . .     Faith    .   (armour unavailable)
rPois    .         Spirit   .   (helmet restricted)
rElec    .         Reflect  .   (no cloak)
rCorr    .         Harm     .   (no gloves)
MR       .....                  (no boots)
Stlth    ++........             (no amulet)
HPRegen  0.18/turn              (no ring)
MPRegen  0.14/turn              (no ring)

@: lethally poisoned (0 -> -4)
A: breathe fire, unfitting armour, fire resistance 1, cold-blooded, AC +6
a: Breathe Fire


You were on level 4 of the Dungeon.
You were not hungry.

You visited 1 branch of the dungeon, and saw 4 of its levels.

You collected 316 gold pieces.

Inventory:

Hand Weapons
 a - a +0 dagger
 j - a +0 halberd (weapon)
Missiles
 b - 92 stones (quivered)
 r - 5 tomahawks
Armour
 e - a +1 pair of gloves
 o - a +0 shield
Jewellery
 l - an uncursed ring of poison resistance {unknown}
 n - an uncursed ring of resist corrosion {unknown}
Wands
 f - a wand of paralysis (5)
 q - a wand of disintegration (16)
Scrolls
 d - 2 scrolls of identify
 h - a scroll of amnesia
Comestibles
 c - 4 rations


   Skills:
 - Level 2.1 Fighting
 - Level 2.0 Dodging
 - Level 1.7 Stealth
 + Level 5.1 Spellcasting
 - Level 3.0 Conjurations
 - Level 1.0 Transmutations
 * Level 4.7 Earth Magic


You had 5 spell levels left.
You knew the following spells:

 Your Spells              Type           Power        Failure   Level  Hunger
a - Sandblast             Erth           ###...       1%          1    None
b - Passwall              Tmut/Erth      ##......     7%          2    #......
c - Stone Arrow           Conj/Erth      ###...       9%          3    ###....
d - Lee's Rapid Deconstr  Erth           ###.......   50%         5    ######.

Your spell library contained the following spells:

 Spells                   Type           Power        Failure   Level  Hunger
 Petrify                  Tmut/Erth      ##......     41%         4    ####...


Dungeon Overview and Level Annotations

Branches:
Dungeon (4/15)
 Temple: D:4-7

Altars:
Okawaru


Innate Abilities, Weirdness & Mutations

You can breathe blasts of fire.
Your fiery red scales are hard. (AC +6)
You cannot fit into any form of body armour.
Your flesh is heat resistant. (rF+)
You are cold-blooded and may be slowed by cold attacks.


Message History

b - 92 stones Your surroundings suddenly seem different.
* * * LOW HITPOINT WARNING * * *
You feel sick.
As you read the scroll labeled KEKHLE CEHA, it crumbles to dust.
It is a scroll of amnesia.
Okay, then.
* * * LOW HITPOINT WARNING * * *
You feel sick.
As you read the scroll labeled FEGAS URUURPHOUQ, it crumbles to dust.
You feel blessed for a moment.
It was a scroll of remove curse.
* * * LOW HITPOINT WARNING * * *
You feel sick.
You aren't carrying any potions.
* * * LOW HITPOINT WARNING * * *
You feel sick.
Found a scroll labeled COAN BINKUKIQI.
* * * LOW HITPOINT WARNING * * *
You feel sick.
You die...

%≈.. #..≈
.?.########
#..##.8..8.##
.≈##.S($....##
##.##..######..##
#..#..## ##..#
#@##.## ##.##
#.#.g# #..# #.#..#
#a^# #.##.## ##.##
#..#..# ##..#.
##..#.$##.###..##o
#..##..%.....F#≈.
##..##.8..8.##ao#
#...########...#


There were no monsters in sight!

Vanquished Creatures
  Menkaure (D:4)
  An ogre (D:4)
  A hound (D:4)
  2 orc wizards (D:4)
  An orc priest (D:4)
  An iguana (D:4)
  A centaur skeleton (D:4)
  A worker ant (D:4)
  6 gnolls
  5 adders
  An ooze (D:4)
  3 worms
  3 dart slugs (D:2)
  5 leopard geckos
  2 orcs (D:4)
  2 giant cockroaches
  5 hobgoblins
  2 jackals (D:2)
  5 quokkas
  8 bats
  5 frilled lizards
  4 goblins
  5 kobolds
  4 rats
74 creatures vanquished.

Notes
Turn   | Place    | Note
-------+----------+-------------------------------------------
     0 | D:1      | Folque the Draconian Earth Elementalist began the quest for
                  | the Orb.
     0 | D:1      | Reached XP level 1. HP: 14/14 MP: 3/3
   653 | D:2      | Reached XP level 2. HP: 7/20 MP: 5/5
  1191 | D:2      | Reached XP level 3. HP: 17/26 MP: 6/6
  1195 | D:2      | Learned a level 2 spell: Passwall
  1199 | D:2      | Learned a level 3 spell: Stone Arrow
  1568 | D:2      | Found an iron altar of Okawaru.
  1664 | D:2      | Reached XP level 4. HP: 20/33 MP: 3/8
  2366 | D:3      | Reached skill level 3 in Spellcasting
  2388 | D:3      | Reached skill level 1 in Conjurations
  2394 | D:3      | Reached skill level 1 in Fighting
  2940 | D:4      | Reached XP level 5. HP: 40/40 MP: 7/10
  3209 | D:4      | Noticed an ogre
  3223 | D:4      | Killed an ogre
  3223 | D:4      | Reached skill level 4 in Spellcasting
  3223 | D:4      | Reached XP level 6. HP: 11/47 MP: 0/12
  3230 | D:4      | Learned a level 5 spell: Lee's Rapid Deconstruction
  3532 | D:4      | Noticed Menkaure
  3548 | D:4      | Killed Menkaure
  3765 | D:4      | Reached skill level 5 in Spellcasting
  3941 | D:4      | Your scales start taking on a fiery red colour.
  3941 | D:4      | Reached XP level 7. HP: 51/55 MP: 9/14
  3941 | D:4      | Gained mutation: Your flesh is heat resistant. (rF+) [Red
                  | Draconian growth]
  4036 | D:4      | HP: 2/55 [poisoned by a worker ant]
  4039 | D:4      | Succumbed to a worker ant's poison

Skill      XL: |  1  2  3  4  5  6 |
---------------+-------------------+-----
Earth Magic    | 4 |  4.7
Dodging        | 2 |  2.0
Spellcasting   | 3 4 5 |  5.1
Conjurations   | 1 2 3 |  3.0
Fighting       | 1 2 |  2.1
Stealth        | |  1.7
Transmutations | |  1.0

Action                   |  1- 3 |  4- 6 |  7- 9 || total
-------------------------+-------+-------+-------++-------
Melee: Dagger            |   138 |   132 |       ||   270
       Tailslap          |     9 |    10 |       ||    19
       Halberd           |       |    16 |     5 ||    21
 Cast: Sandblast         |    12 |    23 |     4 ||    39
       Stone Arrow       |       |    17 |     1 ||    18
 Abil: Breathe Fire      |       |       |     1 ||     1
  Use: Potion            |       |     3 |     3 ||     6
       Scroll            |       |       |     4 ||     4
 Stab: Sleeping          |     3 |     3 |       ||     6
  Eat: Chunk             |     3 |     8 |       ||    11
       Ration            |       |       |     1 ||     1
Armor: Skin              |    51 |    48 |     3 ||   102
Dodge: Dodged            |   114 |    86 |    17 ||   217
